 Dungeon Crawl Stone Soup version 0.29-a0-371-g91724d5b39 (webtiles) character file.

Game seed: 15658237262202160871

4 lesaewzxc the Magician (level 1, 0/15 HPs)
             Began as a Djinni Hedge Wizard on May 2, 2022.
             Slain by a ball python (2 damage)
             ... on level 1 of the Dungeon.
             The game lasted 00:02:11 (160 turns).

lesaewzxc the Magician (Djinni Hedge Wizard)         Turns: 160, Time: 00:02:12

Health: 0/15       AC:  2    Str:  9    XL:     1   Next: 66%
Gold:   15         EV:  9    Int: 15    God:
                   SH:  0    Dex: 12

rFire   + + .      SeeInvis .   a - +0 dagger
rCold   x . .      Faith    .   (no shield)
rNeg    . . .      Spirit   .   b - +0 robe
rPois   ∞          Reflect  .   c - +0 hat
rElec   .          Harm     .   (no cloak)
rCorr   .          Rampage  .   (no gloves)
Will    .....                   (boots unavailable)
Stlth   ++........              (no amulet)
HPRegen 0.05/turn               (no ring)
MPRegen 0.00/turn               (no ring)

@: flying, constricted
A: sickness immunity, fire resistance 2, cold vulnerability 1, float, innate
caster, HP casting, extra vitality 1
a: no special abilities


You were on level 1 of the Dungeon.
You visited 1 branch of the dungeon, and saw 1 of its levels.

You collected 15 gold pieces.

Inventory:

Hand Weapons
 a - a +0 dagger (weapon)
Armour
 b - a +0 robe (worn)
 c - a +0 hat (worn)
 e - a +0 pair of boots
Scrolls
 d - a scroll of immolation {unknown}


   Skills:
 + Level 0.3 Fighting
 + Level 2.3 Dodging
 + Level 1.6 Stealth
 + Level 2.4 Spellcasting


You couldn't memorise any spells.
You knew the following spells:

 Your Spells              Type           Power      Damage    Failure   Level
a - Magic Dart            Conj           36%        1d4       8%          1
b - Blink                 Tloc           18%        N/A       12%         2
c - Call Imp              Summ           9%         N/A       12%         2
d - Slow                  Hex            36%        N/A       8%          1
e - Conjure Flame         Conj/Fire      9%         6-21      22%         3
f - Mephitic Cloud        Conj/Pois/Air  9%         N/A       22%         3
Your spell library was empty.

Dungeon Overview and Level Annotations

Branches:
Dungeon (1/15)

Altars:


Innate Abilities, Weirdness & Mutations

You are immune to sickness and miasma.
You are immune to poison.
Your flesh is very heat resistant. (rF++)
You are vulnerable to cold. (rC-)
You float through the air rather than walking.
You learn spells naturally, not from books.
Your magical power is your life essence.
You have superior vitality. (+4 MHP)


Message History

You hit the endoplasm.
The endoplasm is heavily wounded.
The endoplasm barely misses you.
You hit the endoplasm.
You kill the endoplasm!
The kobold barely misses you.
You closely miss the kobold. The ball python closely misses you.
The ball python grabs you. The ball python constricts you.
The kobold hits you with a +0 short sword.
You hit the kobold but do no damage. The ball python barely misses you.
The ball python constricts you.
The kobold hits you with a +0 short sword.
You need no library to learn spells.
You need no library to learn spells.
Aiming: Magic Dart (safe; 8% risk of failure)
Press: ? - help, Q - select action, (/) - cycle Shift-Dir - straight line, f - kobold
Aim: a kobold, wielding a +0 short sword (100% to hit)
The magic dart hits the kobold.
The kobold is moderately wounded.
* * * LOW HITPOINT WARNING * * *
The ball python barely misses you. The ball python constricts you.
* * * LOW HITPOINT WARNING * * *
The kobold completely misses you.
Aiming: Magic Dart (safe; 8% risk of failure)
Press: ? - help, Q - select action, (/) - cycle Shift-Dir - straight line, f/p - kobold
Aim: a kobold, wielding a +0 short sword (moderately wounded, 100% to hit)
The magic dart hits the kobold.
The kobold is severely wounded.
* * * LOW HITPOINT WARNING * * *
The ball python closely misses you. The ball python constricts you.
The kobold closely misses you.
Aiming: Magic Dart (safe; 8% risk of failure)
Press: ? - help, Q - select action, (/) - cycle Shift-Dir - straight line, f/p - kobold
Aim: a kobold, wielding a +0 short sword (severely wounded, 100% to hit)
The magic dart hits the kobold but does no damage.
The kobold is severely wounded.
* * * LOW HITPOINT WARNING * * *
The ball python misses you. The ball python constricts you.
The ball python bites you.
You die...

#.###.## #..#
#......######
...#
#####.......#
##.####.#
####.####.# #
#.......#.#.#
......####.#.#.##
...... #.......#
..... #...@K..#
..... #....S..#
.... #...........
.##.
.........##).
#.........# .
#.#.......#
#.###...... #
#.######


You could see a ball python and a kobold.

Vanquished Creatures
  An endoplasm (D:1)
  A jackal (D:1)
  A ball python (D:1)
  A frilled lizard (D:1)
4 creatures vanquished.

Notes
Turn   | Place    | Note
-------+----------+-------------------------------------------
     0 | D:1      | lesaewzxc the Djinni Hedge Wizard began the quest for the
                  | Orb.
     0 | D:1      | Reached XP level 1. HP: 15/15 MP: 0/0
   160 | D:1      | Slain by a ball python

Illustrated notes

Levels and vault maps discovered:
D:1:      ebering_hopf_link, layout_loops_ring,
          hellmonk_ecumenical_altar_zigzags

Action                   || total
-------------------------++-------
Melee: Dagger            ||    11
 Cast: Magic Dart        ||     3
 Stab: Sleeping          ||     1
Armor: Robe              ||     3
Dodge: Dodged            ||    10

Table legend: (Time is in decaauts)
 A = Elapsed time spent in this place.
 B = Non-inter-level travel time spent in this place.
 C = Inter-level travel time spent in this place.
 D = Time resting spent in this place.
 E = Time spent auto-exploring this place.
 F = Levels seen in this place.
 G = Mean time per level.
                   A        B        C        D        E       F      G
               +--------+--------+--------+--------+--------+-----+--------+
         Total |    160 |    160 |      0 |      0 |      0 |   1 |  160.0 |
       Dungeon |    160 |    160 |      0 |      0 |      0 |   1 |  160.0 |
               +--------+--------+--------+--------+--------+-----+--------+

Top non-repeatable levels by time:
     D:1: 160 daAuts
